 Dungeon Crawl Stone Soup version 0.22-a0-538-g76cc104 (webtiles) character file.

155 Hebeh the Shield-Bearer (level 5, -15/49 HPs)
             Began as a Deep Dwarf Fighter on June 23, 2018.
             Demolished by an orc wizard
             ... wielding a +2 dagger of electrocution
              (19 damage)
             ... on level 4 of the Dungeon.
             The game lasted 00:08:05 (2774 turns).

Hebeh the Shield-Bearer (Deep Dwarf Fighter)        Turns: 2774, Time: 00:08:06

Health: -15/49     AC: 14    Str: 21    XL:     5   Next: 14%
Magic:  5/5        EV:  4    Int:  8    God:
Gold:   155        SH:  9    Dex: 12    Spells: 4/4 levels left

rFire    . . .     SeeInvis .   a - +0 war axe
rCold    . . .     Gourm    .   c - +0 shield
rNeg     . . .     Faith    .   t - +0 plate armour
rPois    .         Spirit   .   s - +0 helmet
rElec    .         Reflect  .   (no cloak)
rCorr    .         Harm     .   (no gloves)
MR       .....                  w - +0 pair of boots
Stlth    ..........             (no amulet)
HPRegen  0.00/turn              (no ring)
MPRegen  0.09/turn              (no ring)

@: non-regenerating
A: damage resistance, heal wounds, sense surroundings 1, no regeneration
a: Heal Wounds


You were on level 4 of the Dungeon.
You were not hungry.

You visited 1 branch of the dungeon, and saw 4 of its levels.

You collected 155 gold pieces.

Inventory:

Hand Weapons
 a - a +0 war axe (weapon)
Armour
 b - a +0 scale mail
 c - a +0 shield (worn)
 s - a +0 helmet (worn)
 t - a +0 plate armour (worn)
 w - a +0 pair of boots (worn)
Jewellery
 h - an uncursed ring of wizardry {unknown}
Scrolls
 e - 3 scrolls of identify {unknown}
 j - 3 scrolls of remove curse {unknown}
 k - 2 scrolls of amnesia {unknown}
 l - a scroll of fear {unknown}
 n - a scroll of teleportation {unknown}
 o - a scroll of enchant armour {unknown}
 p - a scroll of noise {unknown}
 r - a scroll of immolation {unknown}
 v - a scroll of random uselessness {unknown}
Potions
 d - 4 potions of might
 i - a potion of magic {unknown}
 m - a potion of flight {unknown}
 q - a potion of curing {unknown}
 u - a potion of heal wounds {unknown}
Comestibles
 f - 9 rations
 g - 2 chunks of flesh


   Skills:
 + Level 3.3 Fighting
 * Level 4.0 Axes
 + Level 4.1 Armour
 + Level 4.1 Shields


You had 4 spell levels left.
You didn't know any spells.
Your spell library was empty.

Dungeon Overview and Level Annotations

Branches:
Dungeon (4/15)
 Temple: D:4-7

Altars:
Elyvilon
Ru
Sif Muna


Innate Abilities, Weirdness & Mutations

You are resistant to damage.
You can heal yourself by infusing magical energy.
You passively map a small area around you.
You do not regenerate.


Message History

You miss something. Something hits you but does no damage.
You hear some strange, mumbled words.
A magic dart appears from out of thin air!
The magic dart hits you!
You closely miss something. You block something's attack.
Your plate armour prevents you from hitting something.
Something hits you but does no damage.
You completely miss something. Something hits you.
You are electrocuted!
* * * LOW HITPOINT WARNING * * *
You block something's attack.
You closely miss something.
The orc wizard gestures at you while chanting.
Something hits you but does no damage.
You miss something. Something hits you but does no damage.
You closely miss something. Something hits you but does no damage.
You miss something.
The orc wizard casts a spell.
The orc wizard blinks!
Something hits you but does no damage.
You are electrocuted!
You die... * * .# # .# , .#.# #.., ooo

#ยง#* #{# .# #@#
#.# # #.# #.# #
#.##### #.# #
#>....# #.# #
#####.# #.####
####.#######.#.##
#.............#.#
#.##.#######.#...
#..............##


You could see 3 orcs.

Vanquished Creatures
  An orc priest (D:3)
  A worker ant (D:3)
  2 adders
  An ooze (D:1)
  2 worms
  2 dart slugs (D:1)
  6 orcs
  7 giant cockroaches
  8 goblins
  10 hobgoblins
  3 kobolds
  2 quokkas (D:3)
  2 ball pythons (D:2)
  8 bats
  3 frilled lizards
  3 rats (D:1)
  2 bushes (D:3)
  4 plants (D:3)
67 creatures vanquished.

Notes
Turn   | Place    | Note
-------+----------+-------------------------------------------
     0 | D:1      | Hebeh the Deep Dwarf Fighter began the quest for the Orb.
     0 | D:1      | Reached XP level 1. HP: 20/20 MP: 1/1
    83 | D:1      | Reached XP level 2. HP: 14/27 MP: 2/2
   382 | D:1      | Reached XP level 3. HP: 14/33 MP: 3/3
  1103 | D:2      | Found a white marble altar of Elyvilon.
  1253 | D:2      | Found a sacrificial altar of Ru.
  1589 | D:3      | Reached XP level 4. HP: 36/42 MP: 4/4
  1604 | D:3      | Found a deep blue altar of Sif Muna.
  1746 | D:3      | Found a faded altar of an unknown god.
  1894 | D:3      | Reached XP level 5. HP: 31/49 MP: 5/5
  2774 | D:4      | Demolished by an orc wizard

Vault maps used:
D:1:      dpeg_arrival_court, due_unseen_surprise
D:2:      elyvilon_altar_1, nicolae_ru_great_annihilating_truth
D:3:      lemuel_round_altar, chequers_ecumenical_altar_simple, serial_forest,
          infiniplex_forest_end_3, infiniplex_forest_lined_3,
          infiniplex_forest_lined_1, infiniplex_forest_clump_double,
          infiniplex_forest_straight_3

Skill      XL: |  1  2  3  4 |
---------------+-------------+-----
Axes           | 3 4 |  4.0
Fighting       | 3 |  3.3
Shields        | 4 |  4.1
Armour         | 4 |  4.1

Action                   |  1- 3 |  4- 6 || total
-------------------------+-------+-------++-------
Melee: War axe           |   137 |   190 ||   327
 Abil: Heal Wounds       |     1 |       ||     1
 Stab: Paralysed         |     2 |       ||     2
  Eat: Chunk             |     2 |     3 ||     5
       Ration            |       |     1 ||     1
Armor: Scale mail        |    60 |       ||    60
       Plate armour      |     4 |    77 ||    81
Dodge: Dodged            |    44 |    11 ||    55
Block: Shield            |    96 |    61 ||   157

Table legend:
 A = Spawn XP
 B = Non-spawn XP
 C = Spawn XP percentage of total XP
 D = Spawn monster count
 E = Non-spawn monster count
 F = Spawn count percentage of total count
 G = Total turns spent on level
                    A         B        C        D         E        F      G
               +---------+---------+-------+---------+---------+-------+---------
         Total |       0 |     222 |   0.0 |       0 |      61 |   0.0 |  2774
               +---------+---------+-------+---------+---------+-------+---------
           D:1 |       0 |      48 |   0.0 |       0 |      23 |   0.0 |   862
           D:2 |       0 |      30 |   0.0 |       0 |      16 |   0.0 |   632
           D:3 |       0 |     128 |   0.0 |       0 |      20 |   0.0 |  1105
           D:4 |       0 |      16 |   0.0 |       0 |       2 |   0.0 |   175
               +---------+---------+-------+---------+---------+-------+---------
